 Dungeon Crawl Stone Soup version 0.27.0-1-g7a089689b8 (webtiles) character file.

Game seed: 17882431127973670783

17 Delamore the Sneak (level 2, -2/19 HPs)
             Began as an Octopode Brigand on Aug 6, 2021.
             Slain by a gnoll (9 damage)
             ... on level 1 of the Dungeon.
             The game lasted 00:00:54 (870 turns).

Delamore the Sneak (Octopode Brigand)                Turns: 870, Time: 00:00:55

Health: -2/19      AC:  1    Str: 10    XL:     2   Next: 62%
Magic:  2/2        EV: 12    Int: 13    God:
Gold:   27         SH:  0    Dex: 13    Spells: 1/1 levels left

rFire    + . .     SeeInvis .   a - +2 dagger
rCold    . . .     Faith    .   (no shield)
rNeg     . . .     Spirit   .   (helmet restricted)
rPois    .         Reflect  .   (no amulet)
rElec    .         Harm     .   e - ring of protection from fire
rCorr    .         Rampage  .   (no ring)
Will     .....                  (no ring)
Stlth    ++++......             (no ring)
HPRegen  0.06/turn              (no ring)
MPRegen  0.08/turn              (no ring)
                                (no ring)
                                (no ring)

@: no status effects
A: almost no armour, amphibious, 8 rings, camouflage 1, gelatinous body 1,
(nimble swimmer 1), tentacles
a: no special abilities


You were on level 1 of the Dungeon.
You visited 1 branch of the dungeon, and saw 2 of its levels.

You collected 27 gold pieces.

Inventory:

Hand Weapons
 a - a +2 dagger (weapon)
 h - a +1 short sword of draining
Missiles
 b - 8 poisoned darts (quivered)
 c - 2 curare-tipped darts
 f - 4 boomerangs
Jewellery
 e - a ring of protection from fire (left tentacle)
Scrolls
 d - a scroll of magic mapping {unknown}
 g - a scroll of enchant armour {unknown}
Potions
 i - a potion of curing {unknown}


   Skills:
 + Level 2.2 Fighting
 * Level 2.0 Short Blades
 - Level 2.0 Throwing
 + Level 1.0 Dodging
 + Level 6.2 Stealth


You had one spell level left.
You didn't know any spells.
Your spell library was empty.

Dungeon Overview and Level Annotations

Branches:
Dungeon (2/15)

Altars:


Innate Abilities, Weirdness & Mutations

You cannot wear most types of armour.
You are amphibious.
You can wear up to eight rings at the same time.
Your skin changes colour to match your surroundings (Stealth+).
Your rubbery body absorbs attacks. (AC +1, EV +1)
((You are camouflaged near water. (Stealth+)))
You have tentacles for arms and can constrict up to eight enemies at once.


Message History

A bat comes into view.
Found a dagger.
Found a stone staircase leading up.
There is a stone staircase leading up here.
A bat is nearby!
A bat is nearby!
The helpless bat fails to defend itself.
You impale the bat!!
You kill the bat!
No target in view!
No target in view!
No target in view!
No target in view!
You see here a +0 dagger.
You see here a bat corpse. 3 gnolls come into view.
The gnoll shouts! x2
A gnoll comes into view. It is wielding a +0 flail.
There are monsters nearby!
There are monsters nearby!
The gnoll closely misses you.
You see here a +0 dagger.
There is a stone staircase leading up here.
The gnoll closely misses you.
There is a stone staircase leading up here.
The gnoll hits you from afar with a +0 halberd!
Ouch! That really hurt!
The gnoll closely misses you.
You climb upwards.
There is a stone staircase leading down here.
You barely miss the gnoll. Your grab misses the gnoll.
The gnoll barely misses you.
You hit the gnoll but do no damage. You grab the gnoll.
You constrict the gnoll. The gnoll hits you with a +0 spear.
You completely miss the gnoll.
The gnoll is lightly wounded.
You constrict the gnoll, but do no damage.
You hit the gnoll.
The gnoll is heavily wounded.
You constrict the gnoll. The gnoll hits you with a +0 spear!
You die...

### ########## ####.# #........#
.....# #####(###################
.###.####.......................#
........#.###.#################.#
..#...#.#.# #.######### #.#
..#)....#.###.#.......####### #.#
..#...........#g#####.......# #.#
................@..########.# #.#
§§.......................##.# #.#
≈§≈.###########≈..........#.# #.#
..≈....#...#.#.§..#....#..#.###.#
#.≈§≈≈.###.#.#.≈..#.##.#..#.#...#
.....≈...#.#.#.§..#.##.#..#.#...#
####)§≈≈§#.#.#.≈..#.##.#..#.#....
.......§§.§#.#.≈....##.#..#†#..##
.≈§≈§≈.§§≈§#...≈.#.....#..#.##.#


You could see a gnoll.

Vanquished Creatures
  A dart slug (D:1)
  An endoplasm (D:1)
  2 goblins (D:1)
  2 hobgoblins (D:1)
  2 quokkas (D:1)
  2 bats
  A frilled lizard (D:1)
  A kobold (D:1)
  2 rats (D:1)
14 creatures vanquished.

Notes
Turn   | Place    | Note
-------+----------+-------------------------------------------
     0 | D:1      | Delamore the Octopode Brigand began the quest for the Orb.
     0 | D:1      | Reached XP level 1. HP: 14/14 MP: 1/1
   424 | D:1      | Reached XP level 2. HP: 19/19 MP: 2/2
   588 | D:1      | Reached skill level 6 in Stealth
   870 | D:1      | Slain by a gnoll

Illustrated notes

Levels and vault maps discovered:
D:1:      psy_arrival_radial02, layout_basic
D:2:      layout_basic, shapermc_ecumenical_altar_flowoftime, serial_shops,
          nicolae_lakefront_shop, kennysheep_pointless_box, minmay_pentomino_u2

Skill      XL: |  1  2 |
---------------+-------+-----
Stealth        | 6 |  6.2
Fighting       | |  2.2
Short Blades   | |  2.0
Throwing       | |  2.0
Dodging        | |  1.0

Action                   || total
-------------------------++-------
Melee: Dagger            ||    28
       Constrict         ||     6
       Tentacles         ||     5
 Stab: Sleeping          ||     8
Dodge: Dodged            ||    10
